 Dungeon Crawl Stone Soup version 0.28.0 (console) character file.

Game seed: 13633811491169274238

18 ryathie the Chopper (level 2, -4/19 HPs)
             Began as a Gargoyle Berserker on Feb 16, 2022.
             Was a Follower of Trog.
             Slain by a gnoll shaman (6 damage)
             ... on level 4 of the Dungeon.
             The game lasted 00:02:03 (555 turns).

ryathie the Chopper (Gargoyle Berserker)             Turns: 555, Time: 00:02:04

Health: -4/19      AC:  4    Str: 20    XL:     2   Next: 70%
Magic:  2/2        EV: 11    Int:  7    God:    Trog [*.....]
Gold:   52         SH:  0    Dex:  9    Spells: 1/1 levels left

rFire   . . .      SeeInvis .   a - +0 hand axe
rCold   . . .      Faith    .   (no shield)
rNeg    + . .      Spirit   .   b - +0 animal skin
rPois   ∞          Reflect  .   (no helmet)
rElec   +          Harm     .   (no cloak)
rCorr   .          Rampage  .   (no gloves)
Will    .....                   (no boots)
Stlth   +.........              (no amulet)
HPRegen 0.06/turn               (no ring)
MPRegen 0.08/turn               (no ring)

@: on berserk cooldown, slowed, very slow
A: sickness immunity, AC +2, negative energy resistance 1, electricity
resistance, torment resistance 1, petrification resistance
a: Renounce Religion, Berserk


You were on level 4 of the Dungeon.
You worshipped Trog.
Trog was aware of your devotion.
You visited 1 branch of the dungeon, and saw 4 of its levels.

You collected 52 gold pieces.

Inventory:

Hand Weapons
 a - a +0 hand axe (weapon)
Armour
 b - a +0 animal skin (worn)
Scrolls
 d - a scroll of identify {unknown}
Potions
 c - a potion of degeneration {unknown}


   Skills:
 - Level 3.2 Fighting
 + Level 3.5 Axes
 - Level 2.1 Armour
 - Level 1.5 Dodging


You had one spell level left.
You didn't know any spells.
Your spell library was empty.

Dungeon Overview and Level Annotations

Branches:
Dungeon (4/15)
 Temple: D:4-7

Altars:


Innate Abilities, Weirdness & Mutations

You are immune to sickness and miasma.
Your stone body is resilient. (AC +2)
You are immune to poison.
You resist negative energy. (rN+)
You are resistant to electric shocks. (rElec)
You are resistant to unholy torment.
You are immune to petrification.


Message History

a +0 trident; a +0 ring mail; an orc corpse
Found 17 gold pieces.
You now have 52 gold pieces (gained 17).
You start resting.
HP restored.
d - a scroll labelled NEXTUM OMYT You open the door.
An adder, a gnoll shaman and a gnoll come into view.
The gnoll shaman shouts!
The gnoll shaman calls down the wrath of its god upon you.
You resist with significant effort.
Found a stone staircase leading down.
Press: ? - help, v - describe, . - travel The floor.
Unknown command.
Unknown command.
A red film seems to cover your vision as you go berserk!
You feel yourself moving faster!
You feel mighty! 2 gnolls come into view.
A gnoll is wielding a +1 vorpal flail.
You feel a strong urge to attack something.
The gnoll shouts! x2
You barely miss the gnoll shaman.
The gnoll hits you from afar with a +0 halberd.
You barely miss the gnoll shaman.
The gnoll shaman hits you with a +0 club.
The gnoll barely misses you.
You hit the gnoll shaman.
The gnoll shaman is lightly wounded.
The gnoll shaman hits you with a +0 club!
You barely miss the gnoll shaman.
The gnoll shaman is lightly wounded.
The adder hisses angrily.
The gnoll hits you from afar with a +0 halberd!
* * * LOW HITPOINT WARNING * * *
You feel a strong urge to attack something.
You are no longer berserk.
You are exhausted.
You feel yourself slow down.
The gnoll shaman hits you with a +0 club.
You die...

##....................# ##
..............##..#### ..#
#######........###....)..#
..⌠##...................#.#..##
....#...................#)#...#
g...'S........................#
#...................####..#
##.......S.####......##....#
##......g.#..g@<......##.#.##
###.......#g#.g###......##.#.#
.#####...##.#..####....)##...#
.##########........###########
.......#######.###.####
######.##......#.#....#
#.##.####)..####.# #....#
###...##.# ###### #.#.##.#


You could see a gnoll shaman, a gnoll and an adder.

Vanquished Creatures
  A shadow imp (D:4)
  3 orcs (D:4)
  A bat (D:3)
  An endoplasm (D:4)
  A giant cockroach (D:2)
  A ball python (D:3)
8 creatures vanquished.

Notes
Turn   | Place    | Note
-------+----------+-------------------------------------------
     0 | D:1      | ryathie the Gargoyle Berserker began the quest for the Orb.
     0 | D:1      | Reached XP level 1. HP: 14/14 MP: 1/1
   156 | D:4      | Reached XP level 2. HP: 15/19 MP: 2/2
   555 | D:4      | Slain by a gnoll shaman

Illustrated notes

Levels and vault maps discovered:
D:1:      shiori_arrival_elements, layout_basic,
          shapermc_ecumenical_altar_petra, serial_shops, shop,
          corexii_leaking_fountain, serial_park_tiny_1
D:2:      layout_loops_cross, minmay_door_square
D:3:      layout_basic
D:4:      layout_basic, gammafunk_ghost_icy, serial_shops,
          nicolae_take_the_stairs, serial_bayou_pond_d,
          hangedman_decor_diamond_cutter, grunt_ministairs_7

Skill      XL: |  1 |
---------------+----+-----
Axes           | 3 |  3.5
Fighting       | |  3.2
Armour         | |  2.1
Dodging        | |  1.5

Action                   || total
-------------------------++-------
Melee: Hand axe          ||    32
Invok: Berserk           ||     3
Armor: Animal skin       ||     6
Dodge: Dodged            ||    22
